 Dungeon Crawl Stone Soup version 0.29-a0-72-g1732ff48e7 (webtiles) character file.

Game seed: 2098178302366294705

284 drugrobin the Skirmisher (level 5, 0/48 HPs)
             Began as a Demigod Warper on Feb 4, 2022.
             Slain by a killer bee (1 damage)
             ... on level 4 of the Dungeon.
             The game lasted 00:08:42 (3818 turns).

drugrobin the Skirmisher (Demigod Warper)           Turns: 3818, Time: 00:08:42

Health: 0/48       AC:  9    Str: 16    XL:     5   Next: 79%
Magic:  10/10      EV: 11    Int: 15    God:
Gold:   128        SH:  5    Dex: 13    Spells: 2/7 levels left

rFire   . . .      SeeInvis .   a - +0 trident
rCold   . . .      Faith    .   (no shield)
rNeg    . . .      Spirit   .   b - +0 leather armour
rPois   .          Reflect  +   q - +0 helmet
rElec   .          Harm     .   (no cloak)
rCorr   +          Rampage  .   e - +0 pair of gloves
Will    .....                   (no boots)
Stlth   +.........              j - amulet of reflection
HPRegen 0.16/turn               r - +4 ring of protection
MPRegen 0.12/turn               f - ring of resist corrosion

@: brilliant, lethally poisoned (0 -> -5), attractive
A: high MP 1, forlorn, divine attributes
a: no special abilities


You were on level 4 of the Dungeon.
You visited 1 branch of the dungeon, and saw 4 of its levels.

You collected 128 gold pieces.

Inventory:

Hand Weapons
 a - a +0 trident (weapon)
 o - a +0 spear
Missiles
 d - 5 boomerangs of dispersal (quivered)
 i - 118 stones
Armour
 b - a +0 leather armour (worn)
 e - a +0 pair of gloves (worn)
 q - a +0 helmet (worn)
Jewellery
 f - a ring of resist corrosion (right hand)
 j - an amulet of reflection (around neck)
 r - a +4 ring of protection (left hand)
Scrolls
 c - a scroll of blinking
 h - a scroll of holy word {unknown}
 k - a scroll of immolation {unknown}
 l - a scroll of magic mapping {unknown}
 n - a scroll of fear {unknown}
 p - a scroll of teleportation {unknown}
 t - 3 scrolls of identify
 x - a scroll of torment {unknown}
Potions
 m - a potion of flight
 s - a potion of cancellation


   Skills:
 + Level 5.0 Fighting
 + Level 3.4 Polearms
 - Level 0.8 Throwing
 - Level 0.8 Armour
 - Level 1.7 Dodging
 - Level 1.7 Spellcasting
 - Level 2.6 Translocations


You had 2 spell levels left.
You knew the following spells:

 Your Spells              Type           Power      Damage    Failure   Level
a - Teleport Other        Tloc           14%        N/A       28%         3
b - Blink                 Tloc           28%        N/A       14%         2

Your spell library contained the following spells:

 Spells                   Type           Power      Damage    Failure   Level
 Gell's Gravitas          Tloc           14%        N/A       28%         3
 Lesser Beckoning         Tloc           14%        N/A       28%         3
 Manifold Assault         Tloc           14%        N/A       95%         5
 Fireball                 Conj/Fire      0%         3d3       100%        5
 Iskenderun's Battlesphe  Conj           1%         2d6       100%        5
 Conjure Ball Lightning   Conj/Air       0%         3x3d6     100%        6
 Orb of Destruction       Conj           0%         9d5       100%        7
 Storm Form               Tmut/Air       0%         N/A       100%        7


Dungeon Overview and Level Annotations

Branches:
Dungeon (4/15)
 Temple: D:4-7


Innate Abilities, Weirdness & Mutations

You have an increased reservoir of magic. (+10% MP)
You shall have no god before yourself.
Your divine heritage dramatically boosts your attributes as you level up.


Message History

The poisoned dart hits the killer bee.
You feel sick. The killer bee stings you.
* * * LOW HITPOINT WARNING * * *
The killer bee closely misses you.
Unknown command.
Unknown command.
It was a potion of brilliance.
You feel clever all of a sudden.
You feel sick.
The killer bee stings you but does no damage.
The killer bee closely misses you.
Unknown command.
Okay, then.
As you read the scroll labelled JAGUIR LISYURHI, it crumbles to dust.
It is a scroll of identify.
m - a potion of flight You feel sick.
You are no longer poisoned.
The killer bee stings you but does no damage.
The killer bee stings you.
* * * LOW HITPOINT WARNING * * *
You are lethally poisoned!
The killer bee poisons you!
It was a potion of attraction.
You feel attractive to monsters.
* * * LOW HITPOINT WARNING * * *
You feel sick. The killer bee closely misses you.
The killer bee barely misses you.
It was a potion of curing.
You feel better. The killer bee closely misses you. The killer bee stings you.
* * * LOW HITPOINT WARNING * * *
You are lethally poisoned!
The killer bee poisons you!
Okay, then.
You miss the killer bee.
The killer bee is severely wounded.
* * * LOW HITPOINT WARNING * * *
You feel very sick. The killer bee barely misses you.
The killer bee stings you.
You die...

# #.###.#.
####.#... ##...###
#...y.... #.....#.
#.## #.#...#..
#..# ##.#####..
##.# #..#...#..
#y#######.#.....#.
#y#.......##...###
#@#.#.....#.###.#.
#.#......#. #...#
#........# #...#
#.#......#. #...#
###......##.###.#.
#.##'#.###...###
#......##.....#.
####.###.#...#..
#.....#####..


You could see 2 killer bees.

Vanquished Creatures
  A water moccasin skeleton (D:4)
  A bullfrog skeleton (D:3)
  2 orc wizards
  A hound skeleton (D:4)
  Robin (D:2)
  3 adders
  3 gnolls (D:2)
  A worm (D:4)
  A dart slug (D:1)
  6 orcs
  8 bats
  3 endoplasms
  A giant cockroach (D:1)
  10 goblins
  2 hobgoblins (D:2)
  7 jackals
  8 kobolds
  7 ball pythons
  4 frilled lizards
  A quokka skeleton (D:3)
  5 rats
76 creatures vanquished.

Vanquished Creatures (others)
  A plant (D:1)
  2 withered plants (D:1)
3 creatures vanquished.

Grand Total: 79 creatures vanquished

Notes
Turn   | Place    | Note
-------+----------+-------------------------------------------
     0 | D:1      | drugrobin the Demigod Warper began the quest for the Orb.
     0 | D:1      | Reached XP level 1. HP: 17/17 MP: 5/5
   249 | D:1      | Reached XP level 2. HP: 21/24 MP: 7/7
   312 | D:1      | Learned a level 2 spell: Blink
  1317 | D:2      | Reached XP level 3. HP: 29/29 MP: 8/8
  1377 | D:2      | Reached skill level 2 in Fighting
  2123 | D:2      | Reached XP level 4. HP: 26/37 MP: 9/9
  2125 | D:2      | Reached skill level 3 in Fighting
  2641 | D:2      | Noticed Robin
  2656 | D:2      | Killed Robin
  3057 | D:3      | Reached skill level 4 in Fighting
  3062 | D:3      | Learned a level 3 spell: Teleport Other
  3094 | D:3      | Reached XP level 5. HP: 46/46 MP: 10/10
  3742 | D:4      | Reached skill level 5 in Fighting
  3818 | D:4      | HP: 1/48 [poisoned by a killer bee]
  3818 | D:4      | Slain by a killer bee

Illustrated notes

Levels and vault maps discovered:
D:1:      dpeg_arrival_central, layout_basic,
          ebering_ecumenical_altar_petrified, serial_bayou_pond_b
D:2:      layout_basic, chequers_garden, uniq_robin
D:3:      layout_loops_cross, nicolae_underground_beach
D:4:      nicolae_cairo_tiling, layout_basic, serial_rivers,
          chequers_serial_rivers_small_b, chequers_serial_rivers_micro_c,
          chequers_serial_rivers_small_b, chequers_serial_rivers_micro_d

Skill      XL: |  1  2  3  4  5 |
---------------+----------------+-----
Polearms       | 2 3 |  3.4
Fighting       | 2 4 5 |  5.0
Throwing       | |  0.8
Armour         | |  0.8
Dodging        | |  1.7
Spellcasting   | |  1.7
Translocations | |  2.6

Action                   |  1- 3 |  4- 6 || total
-------------------------+-------+-------++-------
Melee: Spear             |   179 |   160 ||   339
       Punch             |     1 |     2 ||     3
       Trident           |       |    28 ||    28
Throw: Stone             |     7 |     2 ||     9
       Dart              |       |    10 ||    10
  Use: Potion            |       |     4 ||     4
       Scroll            |       |     1 ||     1
 Stab: Sleeping          |     1 |     1 ||     2
Armor: Leather armour    |    57 |    75 ||   132
Dodge: Dodged            |    91 |    78 ||   169
Block: Other             |       |    25 ||    25

Table legend: (Time is in decaauts)
 A = Elapsed time spent in this place.
 B = Non-inter-level travel time spent in this place.
 C = Inter-level travel time spent in this place.
 D = Time resting spent in this place.
 E = Time spent auto-exploring this place.
 F = Levels seen in this place.
 G = Mean time per level.
                   A        B        C        D        E       F      G
               +--------+--------+--------+--------+--------+-----+--------+
         Total |   3802 |   3729 |     73 |    856 |   2023 |   4 |  950.5 |
       Dungeon |   3802 |   3729 |     73 |    856 |   2023 |   4 |  950.5 |
               +--------+--------+--------+--------+--------+-----+--------+

Top non-repeatable levels by time:
     D:2: 1483 daAuts
     D:1: 1408 daAuts
     D:4: 706 daAuts
     D:3: 202 daAuts
